 Dungeon Sprint DCSS version 0.27-a0-1287-gca74d27db6 (webtiles) character file.

Game seed: 10965414884439504267

219662 mhtbhm the Archmage (level 16, 0/80 HPs)
             Began as a Deep Elf Earth Elementalist on June 15, 2021.
             Was the Champion of Vehumet.
             Slain by an iron troll simulacrum (29 damage)
             ... in the Dungeon (Sprint III: "The Ten Rune Challenge").
             The game lasted 00:34:00 (10066 turns).

mhtbhm the Archmage (Deep Elf Earth Elementalist)  Turns: 10066, Time: 00:34:00

Health: 0/80       AC:  7    Str:  8    XL:     16   Next: 62%
Magic:  44/49      EV: 21    Int: 27    God:    Vehumet [******]
Gold:   2544       SH:  0    Dex: 21    Spells: 5/69 levels left

rFire    + . .     SeeInvis .   a - staff of earth
rCold    . . .     Faith    .   (no shield)
rNeg     . . .     Spirit   .   c - +2 robe {Archmagi}
rPois    .         Reflect  .   y - +1 hat
rElec    +         Harm     .   m - +0 cloak
rCorr    .         Rampage  .   G - +0 pair of gloves {Stlth+}
Will     +....     NoTele   +   (no boots)
Stlth    +++++++...             x - amulet of magic regeneration
HPRegen  0.23/turn              r - ring of Iproref {Fly rElec Dex+6}
MPRegen  0.56/turn              s - ring of Tomorrow {Wiz Str+2}

@: flying, studying Stealth
A: claws 1, fire resistance 1, wild magic 1
}: 5/10 runes: serpentine, barnacled, silver, golden, demonic
a: Renounce Religion


You were in the Dungeon.
You worshipped Vehumet.
Vehumet was exalted by your worship.
You visited 1 branch You collected 4248 gold pieces.
You spent 1704 gold pieces at shops.

Inventory:

Hand Weapons
 n - a +2 quarterstaff of chaos
Missiles
 b - 36 stones
 i - 7 curare-tipped darts (quivered)
 C - 5 silver javelins
 D - 10 atropa-tipped darts
Armour
 c - a +2 robe of the Archmagi (worn)
 j - the +4 robe of Augmentation {Str+4 Int+4 Dex+4}
   (You took it off a mummy priest in the Dungeon)

   It affects your strength (+4).
   It affects your intelligence (+4).
   It affects your dexterity (+4).
 m - a +0 cloak (worn)
 y - a +1 hat (worn)
 G - a +0 pair of gloves of stealth (worn)
Magical Staves
 a - a staff of earth (weapon)
Jewellery
 f - a ring of protection from fire
 q - a ring of positive energy
 r - the ring of Iproref (left hand) {Fly rElec Dex+6}
   (You found it in the Dungeon)

   [ring of dexterity]

   It affects your dexterity (+6).
   It insulates you from electricity.
   It grants you flight.
 s - the ring of Tomorrow (right hand) {Wiz Str+2}
   (You found it in the Dungeon)

   [ring of wizardry]

   It improves your spell success rate.
   It affects your strength (+2).
 x - an amulet of magic regeneration (around neck)
Wands
 t - a wand of acid (27)
 P - a wand of iceblast (7)
Scrolls
 d - 7 scrolls of amnesia
 e - 8 scrolls of acquirement
 l - a scroll of torment
 E - a scroll of enchant armour
 F - a scroll of blinking
 Q - 9 scrolls of identify
 T - a scroll of immolation
Potions
 g - 3 potions of magic
 h - 3 potions of berserk rage
 k - 7 potions of flight
 o - 3 potions of might
 z - a potion of resistance
 A - a potion of ambrosia
 B - a potion of cancellation
 H - a potion of lignification
 J - a potion of haste
 K - 2 potions of heal wounds
 L - 2 potions of invisibility
 M - a potion of brilliance
 N - 4 potions of curing
 O - a potion of mutation
Miscellaneous
 p - a phantom mirror
 u - a phial of floods
 v - a tin of tremorstones (2/2)
 w - a condenser vane
 I - a piece from Xom's chessboard (15/15)
 R - a box of beasts


   Skills:
 + Level 1.8 Fighting
 + Level 11.5 Dodging
 + Level 13.4 Stealth
 + Level 0.3 Unarmed Combat
 O Level 27 Spellcasting
 + Level 12.4 Conjurations
 + Level 11.9 Transmutations
 O Level 27 Fire Magic
 + Level 7.3 Air Magic
 O Level 27 Earth Magic
 + Level 1.9 Poison Magic
 * Level 18.7 Evocations


You had 5 spell levels left.
You knew the following spells:

 Your Spells              Type           Power      Damage    Failure   Level
a - Sandblast             Erth           100%       2d20      1%          1
b - Passwall              Tmut/Erth      100%       N/A       1%          2
c - Stone Arrow           Conj/Erth      100%       3d13      1%          3
d - Lee's Rapid Deconstr  Erth           88%        3d40*     1%          5
e - Iron Shot             Conj/Erth      80%        9d15      1%          6
f - Petrify               Tmut/Erth      100%       N/A       1%          4
g - Shatter               Erth           88%        3d64*     1%          9
h - Ignition              Fire           75%        3d20      1%          8
i - Statue Form           Tmut/Erth      100%       N/A       1%          6
j - Lehudib's Crystal Sp  Conj/Erth      80%        10d18     1%          8
k - Fire Storm            Conj/Fire      67%        8d17      4%          9
l - Mephitic Cloud        Conj/Pois/Air  99%        N/A       1%          3

Your spell library contained the following spells:

 Spells                   Type           Power      Damage    Failure   Level
 Chain Lightning          Conj/Air       54%        3d72      75%         9
 Beastly Appendage        Tmut           100%       N/A       1%          1
 Foxfire                  Conj/Fire      100%       2x1d9     1%          1
 Magic Dart               Conj           100%       1d8       1%          1
 Sting                    Tmut/Pois      100%       1d8       1%          1
 Summon Small Mammal      Summ           100%       N/A       1%          1
 Blink                    Tloc           N/A        N/A       1%          2
 Call Imp                 Summ           63%        N/A       1%          2
 Searing Ray              Conj           100%       3d7       1%          2
 Slow                     Hex            63%        N/A       1%          2
 Wereblood                Tmut           100%       N/A       1%          2
 Call Canine Familiar     Summ           63%        N/A       1%          3
 Confusing Touch          Hex            63%        N/A       1%          3
 Conjure Flame            Conj/Fire      100%       6-21      1%          3
 Ignite Poison            Fire/Tmut/Pois 100%       N/A       1%          3
 Inner Flame              Hex/Fire       100%       N/A       1%          3
 Spider Form              Tmut/Pois      48%        N/A       1%          3
 Summon Guardian Golem    Hex/Summ       63%        N/A       1%          3
 Airstrike                Air            49%        N/A       1%          4
 Animate Armour           Summ/Erth      100%       N/A       1%          4
 Fulminant Prism          Conj/Hex       47%        3d21      1%          4
 Ice Form                 Ice/Tmut       94%        N/A       1%          4
 Leda's Liquefaction      Hex/Erth       72%        N/A       1%          4
 Sticky Flame             Conj/Fire      100%       2d11      1%          4
 Summon Lightning Spire   Summ/Air       83%        N/A       1%          4
 Blade Hands              Tmut           57%        N/A       1%          5
 Bolt of Magma            Conj/Fire/Erth 83%        4d31      1%          5
 Borgnjor's Vile Clutch   Necr/Erth      72%        N/A       1%          5
 Fireball                 Conj/Fire      67%        3d25      1%          5
 Freezing Cloud           Conj/Ice/Air   48%        6-21      1%          5
 Irradiate                Conj/Tmut      57%        3d32      1%          5
 Yara's Violent Unravell  Hex/Tmut       47%        3d18      1%          5
 Silence                  Hex/Air        41%        N/A       3%          5
 Cause Fear               Hex            31%        N/A       4%          4
 Summon Ice Beast         Ice/Summ       63%        N/A       4%          4
 Metabolic Englaciation   Hex/Ice        31%        N/A       12%         5
 Summon Mana Viper        Hex/Summ       63%        N/A       12%         5
 Eringya's Noxious Bog    Tmut/Pois      48%        N/A       1%          6
 Starburst                Conj/Fire      67%        8x6d18    1%          6
 Dragon Form              Tmut           57%        N/A       3%          7
 Storm Form               Tmut/Air       53%        N/A       7%          7
 Dispersal                Tloc           31%        N/A       47%         6
 Invisibility             Hex            31%        N/A       47%         6
 Discord                  Hex            31%        N/A       100%        8


Dungeon Overview and Level Annotations

Branches:
Dungeon (1/1)

Altars:
Cheibriados
Dithmenos
Elyvilon
Fedhas
Gozag
Hepliaklqana
Kikubaaqudgha
Makhleb
Nemelex Xobeh
Okawaru
Qazlal
Ru
Sif Muna
Trog
Uskayaw
Vehumet
Wu Jian
Xom
Yredelemnul
Zin
The Shining One
Beogh
Jiyva
Lugonu

Shops:
D =!([=![[[[!!!!=?([[*:[:

Annotations:
D Mennas


Innate Abilities, Weirdness & Mutations

You have sharp fingernails.
Your flesh is heat resistant. (rF+)
Your spells are a little harder to cast, but a little more powerful.


Message History

Confirm with . or Enter, or press ? or * to list all spells.
Aiming: Lee's Rapid Deconstruction (safe; 1% risk of failure)
Press: ? - help, Dir - move target, f/p - Roxanne Fragment what (e.g. wall or brittle monster)?: Roxanne (almost destroyed)
You feel a strong surge of power!
Roxanne shatters!!!!
You blow up Roxanne!
Vehumet accepts your kill.
You feel your power returning.
Unknown command.
You start resting.
Magic restored.
There is an open door here.
You pick up a book of Transfigurations and begin reading...
You add the spells Irradiate, Blade Hands, Storm Form and Dragon Form to your library.
You reach down and open the door.
Unknown command.
There is an open door here.
You reach down and open the door.
Unknown command.
There is an open door here.
There is an open door here.
There is an open door here.
As you open the door, it creaks loudly!
An iron troll simulacrum comes into view.
Found Qiwk's Armour Boutique.
Unknown command.
Casting: Lee's Rapid Deconstruction (safe; 1% risk of failure)
Confirm with . or Enter, or press ? or * to list all spells.
Aiming: Lee's Rapid Deconstruction (safe; 1% risk of failure)
Press: ? - help, Dir - move target A translucent stone wall.
You feel a strong surge of power!
The wall shatters!
The blast of rock fragments hits the iron troll simulacrum!!!
The iron troll simulacrum is heavily damaged.
The iron troll simulacrum bites you.
The iron troll simulacrum freezes you!!!
Ouch! That really hurt!
The iron troll simulacrum claws you but does no damage.
The iron troll simulacrum claws you. The iron troll simulacrum freezes you!!
You die...

#.#".'∩∩#
##.####∩∩#
###...###..#
+.......'..+
###...###..#
##.##∩#..#
#.#..#..#
#'#Z##..#
#.@..+..+
#.####..#
+.# #### ###


You could see an iron troll simulacrum.

Vanquished Creatures
  Sojobo (D)
  2 royal mummies (D)
  Nellie (D)
  Rupert (D)
  2 liches (D)
  A deep elf blademaster (D)
  A titan (D)
  A quicksilver dragon (D)
  Frances (D)
  A kraken (D)
  4 shadow dragons (D)
  Gastronok (D)
  Chuck (D)
  2 sphinxes (D)
  Roxanne (D)
  4 azure jellies (D)
  A nagaraja (D)
  Donald (D)
  2 fire giants (D)
  A frost giant (D)
  A stone giant (D)
  2 deep elf annihilators (D)
  A deep elf demonologist (D)
  Azrael (D)
  2 dire elephants (D)
  3 yaktaur captains (D)
  4 mummy priests (D)
  2 deep elf high priests (D)
  A fire dragon (D)
  A naga warrior (D)
  16 vault guards (D)
  2 hydras (D)
  Erolcha (D)
  An ogre mage (D)
  2 centaur warriors (D)
  2 alligator snapping turtles (D)
  6 anacondas (D)
  An anaconda (shapeshifter) (D)
  4 death yaks (D)
  4 dancing weapons (D)
  4 orc high priests (D)
  Urug (D)
  A shock serpent (shapeshifter) (D)
  4 hell knights (D)
  A titan zombie (D)
  An iron golem (D)
  A death drake (D)
  4 skeletal warriors (D)
  A spriggan druid (D)
  A lindwurm (D)
  An orange crystal statue (D)
  An obsidian statue (D)
  2 deep elf zephyrmancers (D)
  6 ugly things (D)
  5 deep elf pyromancers (D)
  4 crystal guardians (D)
  2 oklob plants (D)
  A glowing shapeshifter (D)
  A manticore (shapeshifter) (D)
  A guardian serpent (D)
  A stone giant skeleton (D)
  2 elephants (D)
  4 black mambas (D)
  4 statues (D)
  An eye of devastation (shapeshifter) (D)
  2 cane toads (D)
  2 yaktaurs (D)
  A rime drake (D)
  A komodo dragon (D)
  17 guardian mummies (D)
  A queen bee (D)
  4 spriggan defenders (D)
  3 wandering mushrooms (D)
  2 tyrant leeches (D)
  A hornet (D)
  3 slime creatures (D)
  8 blink frogs (D)
  4 snapping turtles (D)
  2 spriggans (D)
  5 redbacks (D)
  A shadow (D)
  A spatial vortex (D)
  2 nagas (D)
  A swamp worm (shapeshifter) (D)
  A floating eye (D)
  3 water moccasins (D)
  A swamp drake (D)
  2 orc warriors (D)
  A necrophage (D)
  5 two-headed ogres (D)
  A water elemental (D)
  32 killer bees (D)
  An electric eel (D)
  A jelly (D)
  An orc priest (D)
  Crazy Yiuf (D)
  Jessica (D)
  A wizard (D)
  2 necromancers (D)
  5 orc wizards (D)
  A kobold demonologist (D)
  3 humans (D)
  3 adders (D)
  10 orcs (D)
  An endoplasm (D)
  2 rats (D)
  8 bushes (D)
  4 butterflies (D)
  2 plants (D)
  4 tentacles (D)
300 creatures vanquished.

Vanquished Creatures (others)
  A fungus (D)
  17 plants (D)
  4 tentacles (D)
22 creatures vanquished.

Grand Total: 322 creatures vanquished

Notes
Turn   | Place    | Note
-------+----------+-------------------------------------------
     0 | D        | mhtbhm the Deep Elf Earth Elementalist began the quest for
                  | the Orb.
     0 | D        | Reached XP level 1. HP: 10/10 MP: 6/6
    42 | D        | Noticed Jessica
    47 | D        | Killed Jessica
    48 | D        | Reached skill level 5 in Earth Magic
    48 | D        | Reached XP level 2. HP: 15/15 MP: 4/9
    64 | D        | Learned a level 2 spell: Passwall
    88 | D        | Reached XP level 3. HP: 19/19 MP: 3/11
   154 | D        | Learned a level 3 spell: Stone Arrow
   156 | D        | Gained mutation: You expend magic power (3 MP) to
                  | strengthen your wands. [potion of mutation]
   156 | D        | Gained mutation: Your magical capacity is low. (-10% MP)
                  | [potion of mutation]
   157 | D        | Lost mutation: Your magical capacity is low. (-10% MP)
                  | [potion of mutation]
   157 | D        | Lost mutation: You expend magic power (3 MP) to strengthen
                  | your wands. [potion of mutation]
   157 | D        | Gained mutation: You are dopey. (Int -2) [potion of
                  | mutation]
   157 | D        | Gained mutation: You have a pair of small horns on your
                  | head. [potion of mutation]
   158 | D        | Lost mutation: You are dopey. (Int -2) [potion of mutation]
   158 | D        | Gained mutation: Your body sometimes deteriorates upon
                  | taking damage. [potion of mutation]
   158 | D        | Gained mutation: Your muscles are strong. (Str +2) [potion
                  | of mutation]
   158 | D        | Gained mutation: You expend magic power (3 MP) to
                  | strengthen your wands. [potion of mutation]
   158 | D        | Gained mutation: You have sharp fingernails. [potion of
                  | mutation]
   159 | D        | Lost mutation: Your muscles are strong. (Str +2) [potion of
                  | mutation]
   159 | D        | Lost mutation: Your body sometimes deteriorates upon taking
                  | damage. [potion of mutation]
   159 | D        | Gained mutation: You occasionally shout uncontrollably at
                  | your foes. [potion of mutation]
   159 | D        | Gained mutation: Your spells are a little harder to cast,
                  | but a little more powerful. [potion of mutation]
   160 | D        | Lost mutation: You occasionally shout uncontrollably at
                  | your foes. [potion of mutation]
   160 | D        | Lost mutation: You have a pair of small horns on your head.
                  | [potion of mutation]
   160 | D        | Lost mutation: You expend magic power (3 MP) to strengthen
                  | your wands. [potion of mutation]
   160 | D        | Gained mutation: Your flesh is heat resistant. (rF+)
                  | [potion of mutation]
   183 | D        | Reached skill level 5 in Spellcasting
   241 | D        | Noticed Crazy Yiuf
   243 | D        | Killed Crazy Yiuf
   244 | D        | Reached XP level 4. HP: 24/24 MP: 5/14
   272 | D        | Noticed a water elemental
   278 | D        | Killed a water elemental
   279 | D        | Reached skill level 1 in Conjurations
   367 | D        | Found a radiant altar of Vehumet.
   368 | D        | Found a shimmering blue altar of Sif Muna.
   368 | D        | Found an ancient bone altar of Kikubaaqudgha.
   368 | D        | Noticed a wizard
   369 | D        | Killed a wizard
   370 | D        | Reached XP level 5. HP: 28/28 MP: 12/17
   411 | D        | Became a worshipper of Vehumet
   426 | D        | Found a basalt altar of Yredelemnul.
   426 | D        | Found a shadowy altar of Dithmenos.
   426 | D        | Found a sacrificial altar of Ru.
   426 | D        | Noticed a necrophage
   428 | D        | Killed a necrophage
   433 | D        | Reached skill level 10 in Earth Magic
   433 | D        | Reached XP level 6. HP: 30/32 MP: 4/20
   535 | D        | Learned a level 5 spell: Lee's Rapid Deconstruction
   541 | D        | Found a glowing silver altar of Zin.
   541 | D        | Found a glowing golden altar of the Shining One.
   541 | D        | Found a white marble altar of Elyvilon.
   541 | D        | Noticed a deep elf pyromancer
   543 | D        | Killed a deep elf pyromancer
   543 | D        | Reached * piety under Vehumet
   543 | D        | Offered knowledge of Foxfire by Vehumet.
   544 | D        | Reached skill level 5 in Dodging
   544 | D        | Reached skill level 5 in Stealth
   544 | D        | Reached XP level 7. HP: 36/36 MP: 10/24
   619 | D        | Found a hide-covered altar of Uskayaw.
   619 | D        | Found an iron altar of Okawaru.
   619 | D        | Found a bloodstained altar of Trog.
   619 | D        | Found an ornate altar of the Wu Jian Council.
   619 | D        | Noticed a human
   619 | D        | Noticed a human
   620 | D        | Killed a human
   621 | D        | Killed a human
   684 | D        | Noticed a shadow
   686 | D        | Killed a shadow
   686 | D        | Reached ** piety under Vehumet
   686 | D        | Offered knowledge of Magic Dart by Vehumet.
   687 | D        | Reached XP level 8. HP: 41/41 MP: 22/27
   740 | D        | Found a blossoming altar of Fedhas.
   740 | D        | Found a stormy altar of Qazlal.
   740 | D        | Found a snail-covered altar of Cheibriados.
   740 | D        | Found a burning altar of Makhleb.
   740 | D        | Found a shimmering altar of Xom.
   741 | D        | Found a hazy altar of Hepliaklqana.
   741 | D        | Found an opulent altar of Gozag.
   741 | D        | Found a sparkling altar of Nemelex Xobeh.
   741 | D        | Found a corrupted altar of Lugonu.
   741 | D        | Found a viscous altar of Jiyva.
   801 | D        | Reached *** piety under Vehumet
   902 | D        | Noticed a two-headed ogre
   906 | D        | Killed a two-headed ogre
   906 | D        | Offered knowledge of Mephitic Cloud by Vehumet.
   959 | D        | Noticed Erolcha
   961 | D        | Killed Erolcha
   962 | D        | Reached skill level 15 in Earth Magic
   962 | D        | Reached XP level 9. HP: 40/45 MP: 10/31
   965 | D        | Reached **** piety under Vehumet
  1074 | D        | Noticed a two-headed ogre
  1077 | D        | Killed a two-headed ogre
  1077 | D        | Offered knowledge of Olgreb's Toxic Radiance by Vehumet.
  1244 | D        | Noticed a wandering mushroom
  1248 | D        | Noticed a wandering mushroom
  1250 | D        | Killed a wandering mushroom
  1250 | D        | Offered knowledge of Yara's Violent Unravelling by Vehumet.
  1252 | D        | Noticed a wandering mushroom
  1258 | D        | Killed a wandering mushroom
  1308 | D        | Killed a wandering mushroom
  1308 | D        | Reached ***** piety under Vehumet
  1393 | D        | Noticed a cane toad
  1393 | D        | Noticed a komodo dragon
  1393 | D        | Noticed a cane toad
  1397 | D        | Killed a komodo dragon
  1397 | D        | Offered knowledge of Iron Shot by Vehumet.
  1397 | D        | Killed a cane toad
  1398 | D        | Reached XP level 10. HP: 20/51 MP: 22/34
  1398 | D        | Killed a cane toad
  1399 | D        | Reached skill level 5 in Conjurations
  1724 | D        | Learned a level 6 spell: Iron Shot
  1730 | D        | Learned a level 4 spell: Petrify
  1738 | D        | Noticed an orc high priest
  1743 | D        | Killed an orc high priest
  1752 | D        | Reached ****** piety under Vehumet
  1752 | D        | Offered knowledge of Iskenderun's Mystic Blast by Vehumet.
  1875 | D        | Found Zeonegah's Armour Shoppe.
  1941 | D        | Noticed a deep elf zephyrmancer
  1941 | D        | Noticed a deep elf pyromancer
  1941 | D        | Noticed a deep elf pyromancer
  1941 | D        | Noticed a deep elf zephyrmancer
  1941 | D        | Noticed a deep elf pyromancer
  1949 | D        | Killed a deep elf pyromancer
  1949 | D        | Killed a deep elf zephyrmancer
  1951 | D        | Killed a deep elf zephyrmancer
  1951 | D        | Killed a deep elf pyromancer
  1951 | D        | Killed a deep elf pyromancer
  1952 | D        | Reached XP level 11. HP: 55/55 MP: 36/38
  2022 | D        | Noticed a deep elf annihilator
  2022 | D        | Noticed a deep elf high priest
  2024 | D        | Noticed a deep elf pyromancer
  2025 | D        | Killed a deep elf high priest
  2025 | D        | Noticed a deep elf blademaster
  2027 | D        | Killed a deep elf pyromancer
  2081 | D        | Noticed a deep elf annihilator
  2086 | D        | Killed a deep elf annihilator
  2086 | D        | Offered knowledge of Starburst by Vehumet.
  2302 | D        | Noticed a deep elf high priest
  2304 | D        | Killed a deep elf annihilator
  2305 | D        | Killed a deep elf high priest
  2309 | D        | Noticed a deep elf demonologist
  2311 | D        | Killed a deep elf demonologist
  2409 | D        | Killed a deep elf blademaster
  2665 | D        | Identified the ring of Iproref {Fly rElec Dex+6}
  2665 | D        | Identified the ring of Tomorrow {Wiz Str+2}
  2669 | D        | Identified the Catalogue of Feathery Heat
  2673 | D        | Identified the Papyrus of the Rocks and Dislocation
  2673 | D        | Identified the Compendium of Entrancing Weightlessness
  2675 | D        | Identified the Volume of Ashen Transmigration
  2774 | D        | Learned a level 9 spell: Shatter
  2783 | D        | Learned a level 8 spell: Ignition
  2825 | D        | Reached skill level 1 in Fire Magic
  2829 | D        | Offered knowledge of Freezing Cloud by Vehumet.
  2878 | D        | Noticed Rupert
  2881 | D        | Killed Rupert
  2882 | D        | Reached XP level 12. HP: 60/60 MP: 22/42
  2956 | D        | Noticed a death yak
  2956 | D        | Noticed a death yak
  2958 | D        | Noticed a death yak
  2959 | D        | Killed a death yak
  2959 | D        | Killed a death yak
  2960 | D        | Reached skill level 5 in Fire Magic
  2960 | D        | Killed a death yak
  2960 | D        | Killed a death yak
  2960 | D        | Offered knowledge of Orb of Destruction by Vehumet.
  2986 | D        | Noticed an azure jelly
  2986 | D        | Noticed an azure jelly
  3005 | D        | Noticed a kraken
  3011 | D        | Killed a kraken
  3234 | D        | Noticed an alligator snapping turtle
  3235 | D        | Noticed an alligator snapping turtle
  3252 | D        | Killed an alligator snapping turtle
  3340 | D        | Offered knowledge of Lightning Bolt by Vehumet.
  3350 | D        | Killed an alligator snapping turtle
  3484 | D        | Found Bolugyhe's Jewellery Shoppe.
  3484 | D        | Found Ucowkaph's Distillery.
  3484 | D        | Found Piamm's Antique Weapon Shop.
  3494 | D        | Got a barnacled rune of Zot
  3509 | D        | Bought an amulet of magic regeneration for 300 gold pieces
  3540 | D        | Noticed an azure jelly
  3540 | D        | Noticed an azure jelly
  3575 | D        | Noticed a dire elephant
  3582 | D        | Killed a dire elephant
  3590 | D        | Noticed a dire elephant
  3592 | D        | Killed a dire elephant
  3593 | D        | Reached XP level 13. HP: 31/64 MP: 26/44
  3595 | D        | Noticed Gastronok
  3598 | D        | Killed Gastronok
  3882 | D        | Offered knowledge of Conjure Ball Lightning by Vehumet.
  3914 | D        | Noticed Urug
  3921 | D        | Killed Urug
  4043 | D        | Reached skill level 10 in Fire Magic
  4345 | D        | Found a blossoming altar of Fedhas.
  4348 | D        | Offered knowledge of Lehudib's Crystal Spear by Vehumet.
  4348 | D        | Offered knowledge of Fire Storm by Vehumet.
  4348 | D        | Offered knowledge of Chain Lightning by Vehumet.
  4687 | D        | Reached skill level 27 in Spellcasting
  4735 | D        | Reached skill level 1 in Fighting
  4784 | D        | Noticed a nagaraja
  4786 | D        | Killed a nagaraja
  4877 | D        | Found Eliwauch's Antique Armour Shop.
  4877 | D        | Found Weith's Jewellery Shoppe.
  4881 | D        | Found Ygaohyf's Distillery.
  4891 | D        | Bought a potion of heal wounds for 50 gold pieces
  4891 | D        | Bought a potion of heal wounds for 50 gold pieces
  4903 | D        | Got a serpentine rune of Zot
  5024 | D        | Noticed Frances
  5026 | D        | Noticed Donald
  5030 | D        | Killed Donald
  5030 | D        | Killed Frances
  5237 | D        | Reached XP level 14. HP: 70/70 MP: 41/47
  5314 | D        | Found Anguf's Antique Armour Emporium.
  5314 | D        | Found Ceacsafe's General Store.
  5314 | D        | Found Runuss's Magic Scroll Boutique.
  5314 | D        | Found Haixt's Book Shoppe.
  5314 | D        | Found Tulobet's Antique Weapon Boutique.
  5314 | D        | Found Vitaupa's Antique Armour Emporium.
  5314 | D        | Found Seuf's Jewellery Shoppe.
  5314 | D        | Found Itaqi's Distillery.
  5314 | D        | Found Giru's Antique Armour Emporium.
  5314 | D        | Found Jomawuge's Distillery.
  5314 | D        | Found Saqaohidi's Book Boutique.
  5367 | D        | Bought a scroll of enchant armour for 90 gold pieces
  5367 | D        | Bought a scroll of blinking for 90 gold pieces
  5367 | D        | Bought a scroll of holy word for 90 gold pieces
  5367 | D        | Bought a scroll of identify for 24 gold pieces
  5367 | D        | Bought a scroll of identify for 24 gold pieces
  5374 | D        | Learned a level 6 spell: Statue Form
  5384 | D        | Learned a level 8 spell: Lehudib's Crystal Spear
  5394 | D        | Learned a level 9 spell: Fire Storm
  5415 | D        | Reached skill level 5 in Evocations
  5803 | D        | Identified the +4 hunting sling of Destiny {freeze, Will+
                  | Str+4 Dex-2 Stlth+}
  5832 | D        | Learned a level 3 spell: Mephitic Cloud
  5841 | D        | Reached skill level 27 in Earth Magic
  5898 | D        | Noticed Chuck
  5921 | D        | Killed Chuck
  5922 | D        | Reached skill level 1 in Air Magic
  6243 | D        | Identified the +6 short sword "Ekhlox" {vorpal, Drain rPois
                  | rCorr}
  6294 | D        | Reached skill level 5 in Transmutations
  6294 | D        | Reached skill level 15 in Fire Magic
  6351 | D        | Noticed a lich
  6353 | D        | Killed a lich
  6354 | D        | Reached skill level 10 in Evocations
  6379 | D        | Noticed a sphinx
  6379 | D        | Noticed a sphinx
  6382 | D        | Killed a sphinx
  6382 | D        | Killed a sphinx
  6383 | D        | Reached skill level 1 in Poison Magic
  6893 | D        | Noticed a royal mummy
  6895 | D        | Noticed an emperor scorpion
  6896 | D        | Noticed an emperor scorpion
  6896 | D        | Noticed an emperor scorpion
  6899 | D        | Killed a royal mummy
  6899 | D        | Noticed a royal mummy
  6900 | D        | Reached XP level 15. HP: 36/74 MP: 26/48
  6905 | D        | Killed a royal mummy
  7262 | D        | Got a golden rune of Zot
  7263 | D        | Identified the Almanac of Captivating Changing
  7268 | D        | Identified Kuvuschoa's Almanac of the Blaze
  7271 | D        | Identified Iblufiuz's Catalogue of Shifting Confrontation
  7404 | D        | Noticed Sojobo
  7407 | D        | Killed Sojobo
  7597 | D        | Noticed a lich
  7599 | D        | Killed a lich
  7732 | D        | Noticed a shadow dragon
  7732 | D        | Noticed a shadow dragon
  7747 | D        | Reached skill level 5 in Air Magic
  7775 | D        | Killed a shadow dragon
  7785 | D        | Killed a shadow dragon
  8219 | D        | Bought a scroll of blinking for 105 gold pieces
  8219 | D        | Bought a scroll of immolation for 49 gold pieces
  8225 | D        | Bought a potion of haste for 120 gold pieces
  8225 | D        | Bought a potion of heal wounds for 60 gold pieces
  8225 | D        | Bought a potion of magic for 96 gold pieces
  8225 | D        | Bought a potion of invisibility for 96 gold pieces
  8225 | D        | Bought a potion of brilliance for 48 gold pieces
  8226 | D        | Bought a potion of heal wounds for 50 gold pieces
  8226 | D        | Bought a potion of haste for 100 gold pieces
  8226 | D        | Bought a potion of curing for 30 gold pieces
  8226 | D        | Bought a potion of invisibility for 80 gold pieces
  8226 | D        | Bought a potion of mutation for 80 gold pieces
  8341 | D        | Noticed a fire giant
  8341 | D        | Noticed a shadow dragon
  8341 | D        | Noticed a quicksilver dragon
  8341 | D        | Noticed a titan
  8341 | D        | Noticed a fire giant
  8341 | D        | Noticed a shadow dragon
  8341 | D        | Noticed a frost giant
  8343 | D        | Killed a fire giant
  8343 | D        | Killed a titan
  8343 | D        | Killed a quicksilver dragon
  8344 | D        | Reached skill level 10 in Stealth
  8344 | D        | Reached skill level 10 in Conjurations
  8344 | D        | Reached XP level 16. HP: 79/79 MP: 49/49
  8345 | D        | Killed a shadow dragon
  8345 | D        | Killed a shadow dragon
  8452 | D        | Got a silver rune of Zot
  8453 | D        | Identified the +1 scale mail of Ukethrue {rPois rC- Str+4
                  | Dex+8}
  8454 | D        | Identified the Compendium of Venom and Transformation
  8500 | D        | Acquired 785 gold pieces
  8722 | D        | Reached skill level 10 in Dodging
  9259 | D        | Noticed Azrael
  9267 | D        | Killed Azrael
  9393 | D        | Reached skill level 10 in Transmutations
  9479 | D        | Noticed Nellie
  9487 | D        | Killed Nellie
  9488 | D        | Reached skill level 27 in Fire Magic
  9625 | D        | Got a demonic rune of Zot
  9991 | D        | Noticed Mennas
 10002 | D        | Found Voh Iddy's Armour Emporium.
 10002 | D        | Found Ocasaem's Distillery.
 10002 | D        | Found Titsiko's Armour Shop.
 10002 | D        | Found Keqiril's Distillery.
 10013 | D        | Bought a potion of curing for 36 gold pieces
 10013 | D        | Bought a potion of curing for 36 gold pieces
 10024 | D        | Noticed Roxanne
 10027 | D        | Killed Roxanne
 10065 | D        | Found Qiwk's Armour Boutique.
 10066 | D        | Slain by an iron troll simulacrum

Illustrated notes

Levels and vault maps discovered:
D:        dungeon_sprint_mu [sprint_mu_entry_cave, sprint_mu_temple_rooms,
          sprint_mu_d1_spiders, sprint_mu_d2_genie, sprint_mu_d3_branching,
          sprint_mu_orc_legion, sprint_mu_elf_gauntlet, sprint_mu_hive_nellie,
          sprint_mu_lair_fedhas, sprint_mu_vaults_butterflies,
          sprint_mu_slime_circle, sprint_mu_shoals_kraken,
          sprint_mu_snake_twists, sprint_mu_blade_basic,
          sprint_mu_crypt_fortress, sprint_mu_tomb_spiral,
          sprint_mu_vestibule_basic, sprint_mu_gehenna_hellfire,
          sprint_mu_dis_giant, sprint_mu_tartarus_statrot,
          sprint_mu_cocytus_islands, sprint_mu_zot1]

Skill      XL: |  1  2  3  4  5  6  7  8  9 10 11 12 13 14 15 16 |
---------------+-------------------------------------------------+-----
Earth Magic    | 5 7 8 10 12 13 15 16 18 21 22 25 27 | 27.0
Dodging        | 3 4 5 6 7 9 11 | 11.5
Stealth        | 3 4 5 6 8 10 13 | 13.4
Spellcasting   | 4 6 8 9 12 13 16 18 21 24 25 27 | 27.0
Conjurations   | 1 2 3 4 5 6 8 10 12 | 12.4
Transmutations | 2 3 4 6 9 11 | 11.9
Fire Magic     | 4 8 12 19 25 27 | 27.0
Fighting       | 1 |  1.8
Evocations     | 4 12 16 18 | 18.7
Air Magic      | 3 6 7 |  7.3
Poison Magic   | 1 |  1.9
Unarmed Combat | |  0.3

Action                   |  1- 3 |  4- 6 |  7- 9 | 10-12 | 13-15 | 16-18 || total
-------------------------+-------+-------+-------+-------+-------+-------++-------
Melee: Unarmed           |     1 |       |       |       |       |       ||     1
       Staff             |       |       |       |     1 |     9 |     1 ||    11
 Cast: Sandblast         |     9 |     6 |       |       |       |       ||    15
       Passwall          |     2 |       |       |     2 |       |       ||     4
       Stone Arrow       |     3 |     6 |     9 |     2 |       |       ||    20
       Lee's Rapid Decon |       |     2 |    26 |    62 |   120 |    49 ||   259
       Iron Shot         |       |       |       |    13 |    10 |       ||    23
       Petrify           |       |       |       |     5 |     4 |     2 ||    11
       Ignition          |       |       |       |       |     9 |     1 ||    10
       Mephitic Cloud    |       |       |       |       |     2 |       ||     2
       Statue Form       |       |       |       |       |     2 |     2 ||     4
       Shatter           |       |       |       |       |     1 |     1 ||     2
       Lehudib's Crystal |       |       |       |       |       |     1 ||     1
  Use: Potion            |     5 |     1 |       |     2 |     5 |       ||    13
       Scroll            |       |       |       |       |     8 |     4 ||    12
Armor: Robe              |       |       |       |     1 |       |     6 ||     7
       Skin              |       |       |       |       |     6 |       ||     6
Dodge: Dodged            |     1 |     3 |     1 |     6 |    14 |    10 ||    35

Table legend: (Time is in decaauts) A = Elapsed time spent in this place. B = Non-inter-level travel time spent in this place. C = Inter-level travel time spent in this place. D = Time resting spent in this place. E = Time spent auto-exploring this place. F = Levels seen in this place. G = Mean time per level. A B C D E F G +--------+--------+--------+--------+--------+-----+--------+ Total | 10197 | 9996 | 201 | 6761 | 27 | 1 | 10197.0 | Dungeon | 10197 | 9996 | 201 | 6761 | 27 | 1 | 10197.0 | +--------+--------+--------+--------+--------+-----+--------+

Top non-repeatable levels by time:
       D: 10197 daAuts
